 Dungeon Crawl Stone Soup version 0.23.2-40-g277498a001 (webtiles) character file.

Game seed: 5630421443411284648

534 FishyPogo the Charlatan (level 7, -16/52 HPs)
             Began as a Gnoll Artificer on Oct 6, 2019.
             Was a Believer of Nemelex Xobeh.
             Demolished by a small abomination (18 damage)
             ... on level 1 of the Abyss.
             The game lasted 00:12:12 (3244 turns).

FishyPogo the Charlatan (Gnoll Artificer)           Turns: 3244, Time: 00:12:15

Health: -16/52     AC:  4    Str: 14    XL:     7   Next: 25%
Magic:  12/12      EV: 15    Int: 14    God:    Nemelex Xobeh [**....]
Gold:   190        SH:  0    Dex: 17    Spells: 8/10 levels left

rFire    + . .     SeeInvis .   a - +2 short sword (drain)
rCold    . . .     Gourm    .   (no shield)
rNeg     . . .     Faith    .   b - +1 leather armour
rPois    +         Spirit   .   (no helmet)
rElec    .         Reflect  .   (no cloak)
rCorr    .         Harm     .   (no gloves)
MR       .....                  (no boots)
Stlth    ++........             (no amulet)
HPRegen  0.17/turn              C - ring of Joy {rPois rF+}
MPRegen  0.13/turn              (no ring)

@: slowed, very slow
A: distributed training, fangs 1, strong nose
a: Draw Escape, Draw Destruction, Draw Summoning, Renounce Religion


You were on level 1 of the Abyss.
You worshipped Nemelex Xobeh.
Nemelex Xobeh was pleased with you.
You were not hungry.

You visited 1 branch of the dungeon, and saw 6 of its levels.
You visited the Abyss 1 time.

You collected 190 gold pieces.

Inventory:

Hand Weapons
 a - a +2 short sword of draining (weapon)
 s - a +1 broad axe of electrocution
Missiles
 m - 65 stones (quivered)
 x - 2 tomahawks
Armour
 b - a +1 leather armour (worn)
Jewellery
 w - an uncursed ring of protection from cold {unknown}
 C - the ring of Joy (left hand) {rPois rF+}
   (You found it on level 4 of the Dungeon)

   [ring of poison resistance]

   It protects you from fire.
   It protects you from poison.
Wands
 c - a wand of flame (15)
 d - a wand of enslavement (15)
 e - a wand of random effects (15)
Scrolls
 h - 6 scrolls of teleportation {unknown}
 i - a scroll of fog {unknown}
 j - 4 scrolls of remove curse {unknown}
 k - a scroll of amnesia {unknown}
 l - a scroll of magic mapping {unknown}
 n - 3 scrolls of blinking {unknown}
 o - a scroll of enchant armour
 p - 5 scrolls of identify {unknown}
 q - a scroll of fear {unknown}
 y - a scroll of noise {unknown}
 E - a scroll of vulnerability {unknown}
Potions
 g - 2 potions of resistance {unknown}
 r - a potion of cancellation {unknown}
 t - a potion of invisibility {unknown}
 u - a potion of ambrosia
 v - 2 potions of might {unknown}
 z - 2 potions of agility {unknown}
 A - 2 potions of curing {unknown}
 B - a potion of berserk rage {unknown}
Comestibles
 f - 7 rations


   Skills:
 + Level 3.5 Fighting
 + Level 3.5 Short Blades
 + Level 2.3 Long Blades
 + Level 2.3 Axes
 + Level 2.3 Maces & Flails
 + Level 2.3 Polearms
 + Level 2.3 Staves
 + Level 2.3 Slings
 + Level 2.3 Bows
 + Level 2.3 Crossbows
 + Level 2.3 Throwing
 + Level 2.3 Armour
 + Level 5.1 Dodging
 + Level 3.3 Stealth
 + Level 2.3 Shields
 + Level 2.3 Unarmed Combat
 + Level 2.3 Spellcasting
 + Level 1.9 Conjurations
 + Level 1.9 Hexes
 + Level 1.9 Charms
 + Level 1.9 Summonings
 + Level 1.9 Necromancy
 + Level 1.9 Translocations
 + Level 1.9 Transmutations
 + Level 1.9 Fire Magic
 + Level 1.9 Ice Magic
 + Level 1.9 Air Magic
 + Level 1.9 Earth Magic
 + Level 1.9 Poison Magic
 + Level 2.5 Invocations
 + Level 7.0 Evocations


You had 8 spell levels left.
You knew the following spells:

 Your Spells              Type           Power        Failure   Level  Hunger
a - Poisonous Vapours     Pois/Air       #.....       19%         2    ###....

Your spell library contained the following spells:

 Spells                   Type           Power        Failure   Level  Hunger
 Pain                     Necr           #...         13%         1    #......
 Sting                    Conj/Pois      #...         13%         1    #......
 Borgnjor's Vile Clutch   Necr/Erth      #.........   98%         5    ######.


Dungeon Overview and Level Annotations

Branches:
Dungeon (6/15)
 Temple: D:4-7

Altars:
Nemelex Xobeh

Annotations:
D:4 1 runed translucent door, Crazy Yiuf
Abyss:1 1 runed translucent door


Innate Abilities, Weirdness & Mutations

Your experience applies equally to all skills.
You have very sharp teeth.
Your uncanny sense of smell can sniff out nearby items.


Message History

The small abomination completely misses your centaur.
Your centaur hits the small abomination.
The guardian serpent coils itself and waves its upper body at you.
FishyPogo's illusion resists with some effort.
The small abomination hits your centaur!!
Your centaur hits the small abomination but does no damage.
Something hits FishyPogo's illusion!
The poison arrow hits FishyPogo's illusion!!
FishyPogo's illusion partially resists.
FishyPogo's illusion is poisoned.
The guardian serpent hits FishyPogo's illusion!
FishyPogo's illusion dies!
Unknown command.
Okay, then.
You draw a card...
You have drawn the Illusion.
You see a puff of smoke.
The small abomination hits your centaur.
Your centaur dies!
Your centaur's corpse disappears in a puff of smoke!
The small abomination hits you!!
You die...
Your body glows with a rainbow of weird colours and disappears.

. # .# .. .#
.##..#
####....#
#@x#..# ##
###p..#...
#..##..# ##...
#.# # ##
#.#ยง.## # . .
###...#. [.# #.
.#.##....##...#
#. #.#..##.##
...
##.#.##.##..#
#.


You could see a death knight and a small abomination.

Vanquished Creatures
  An orc priest (D:4)
  A bullfrog skeleton (D:5)
  A worker ant (D:5)
  A howler monkey skeleton (D:4)
  5 adders
  2 oozes
  An adder skeleton (D:5)
  2 worms (D:2)
  A leopard gecko (D:3)
  4 orcs (D:3)
  2 giant cockroaches
  7 goblins
  5 hobgoblins
  9 jackals
  A quokka (D:2)
  4 ball pythons
  8 bats
  3 frilled lizards
  7 kobolds
  A quokka skeleton (D:5)
  8 rats
74 creatures vanquished.

Vanquished Creatures (collateral kills)
  A thrashing horror (Abyss:1)
1 creature vanquished.

Vanquished Creatures (others)
  A worm (D:3)
  2 starspawn tentacles (Abyss:1)
3 creatures vanquished.

Grand Total: 78 creatures vanquished

Notes
Turn   | Place    | Note
-------+----------+-------------------------------------------
     0 | D:1      | FishyPogo the Gnoll Artificer began the quest for the Orb.
     0 | D:1      | Reached XP level 1. HP: 17/17 MP: 4/4
   138 | D:1      | Reached XP level 2. HP: 23/23 MP: 6/6
   518 | D:1      | Reached XP level 3. HP: 28/28 MP: 7/7
   894 | D:2      | Reached skill level 1 in Invocations
  1254 | D:2      | Reached skill level 1 in Long Blades
  1254 | D:2      | Reached skill level 1 in Axes
  1254 | D:2      | Reached skill level 1 in Maces & Flails
  1254 | D:2      | Reached skill level 1 in Polearms
  1254 | D:2      | Reached skill level 1 in Staves
  1254 | D:2      | Reached skill level 1 in Slings
  1254 | D:2      | Reached skill level 1 in Bows
  1254 | D:2      | Reached skill level 1 in Crossbows
  1254 | D:2      | Reached skill level 1 in Throwing
  1254 | D:2      | Reached skill level 1 in Armour
  1254 | D:2      | Reached skill level 1 in Shields
  1254 | D:2      | Reached skill level 1 in Unarmed Combat
  1254 | D:2      | Reached skill level 1 in Spellcasting
  1455 | D:3      | Reached XP level 4. HP: 34/34 MP: 8/8
  1616 | D:3      | Found a faded altar of an unknown god.
  1620 | D:3      | Became a worshipper of Nemelex Xobeh the Trickster
  1620 | D:3      | Received a gift from Nemelex Xobeh
  1620 | D:3      | Received a gift from Nemelex Xobeh
  1620 | D:3      | Reached * piety under Nemelex Xobeh
  1868 | D:3      | Reached skill level 1 in Conjurations
  1868 | D:3      | Reached skill level 1 in Hexes
  1868 | D:3      | Reached skill level 1 in Charms
  1868 | D:3      | Reached skill level 1 in Summonings
  1868 | D:3      | Reached skill level 1 in Necromancy
  1868 | D:3      | Reached skill level 1 in Translocations
  1868 | D:3      | Reached skill level 1 in Transmutations
  1868 | D:3      | Reached skill level 1 in Fire Magic
  1868 | D:3      | Reached skill level 1 in Ice Magic
  1868 | D:3      | Reached skill level 1 in Air Magic
  1868 | D:3      | Reached skill level 1 in Earth Magic
  1868 | D:3      | Reached skill level 1 in Poison Magic
  2328 | D:3      | Reached XP level 5. HP: 40/40 MP: 9/9
  2558 | D:5      | Entered Level 5 of the Dungeon
  2737 | D:5      | Reached ** piety under Nemelex Xobeh
  2854 | D:4      | Reached XP level 6. HP: 11/47 MP: 11/11
  2971 | D:4      | Got a transparent steel ring
  2972 | D:4      | Identified the ring of Joy {rPois rF+} (You found it on
                  | level 4 of the Dungeon)
  2988 | D:4      | Received a gift from Nemelex Xobeh
  3019 | D:4      | Found a runed translucent door.
  3020 | D:4      | Noticed Crazy Yiuf
  3024 | D:4      | Cast into level 1 of the Abyss (drawing a card)
  3024 | Abyss:1  | Found a runed translucent door.
  3117 | Abyss:1  | Noticed a tentacled monstrosity
  3126 | Abyss:1  | Noticed a chaos spawn
  3128 | Abyss:1  | Noticed a shadow demon
  3130 | Abyss:1  | Noticed an ancient zyme
  3140 | Abyss:1  | Noticed a neqoxec
  3140 | Abyss:1  | Noticed an orange demon
  3142 | Abyss:1  | Noticed a red devil
  3142 | Abyss:1  | Noticed a smoke demon
  3147 | Abyss:1  | Noticed an efreet
  3164 | Abyss:1  | Noticed a thrashing horror
  3166 | Abyss:1  | Received a gift from Nemelex Xobeh
  3168 | Abyss:1  | Killed a thrashing horror
  3168 | Abyss:1  | Reached skill level 5 in Dodging
  3168 | Abyss:1  | Reached skill level 7 in Evocations
  3168 | Abyss:1  | Reached XP level 7. HP: 30/52 MP: 12/12
  3180 | Abyss:1  | Noticed a thrashing horror
  3182 | Abyss:1  | Noticed a tentacled starspawn
  3195 | Abyss:1  | Noticed a large abomination
  3196 | Abyss:1  | Identified the Volume of Lethal Poison
  3201 | Abyss:1  | Learned a level 2 spell: Poisonous Vapours
  3228 | Abyss:1  | Noticed a small abomination
  3234 | Abyss:1  | Noticed a guardian serpent
  3240 | Abyss:1  | Noticed a death knight
  3241 | Abyss:1  | HP: 1/52 [small abomination (10)]
  3244 | Abyss:1  | Demolished by a small abomination

Skill      XL: |  1  2  3  4  5  6 |
---------------+-------------------+-----
Invocations    | 1 2 |  2.5
Long Blades    | 1 2 |  2.3
Axes           | 1 2 |  2.3
Maces & Flails | 1 2 |  2.3
Polearms       | 1 2 |  2.3
Staves         | 1 2 |  2.3
Slings         | 1 2 |  2.3
Bows           | 1 2 |  2.3
Crossbows      | 1 2 |  2.3
Throwing       | 1 2 |  2.3
Armour         | 1 2 |  2.3
Shields        | 1 2 |  2.3
Unarmed Combat | 1 2 |  2.3
Spellcasting   | 1 2 |  2.3
Conjurations   | 1 |  1.9
Hexes          | 1 |  1.9
Charms         | 1 |  1.9
Summonings     | 1 |  1.9
Necromancy     | 1 |  1.9
Translocations | 1 |  1.9
Transmutations | 1 |  1.9
Fire Magic     | 1 |  1.9
Ice Magic      | 1 |  1.9
Air Magic      | 1 |  1.9
Earth Magic    | 1 |  1.9
Poison Magic   | 1 |  1.9
Fighting       | 3 |  3.5
Short Blades   | 3 |  3.5
Dodging        | 5 |  5.1
Stealth        | 3 |  3.3
Evocations     | 7 |  7.0

Action                   |  1- 3 |  4- 6 |  7- 9 || total
-------------------------+-------+-------+-------++-------
Melee: Short sword       |   101 |    83 |       ||   184
       Bite              |     9 |    13 |       ||    22
       Punch             |     1 |       |       ||     1
 Abil: Draw Destruction  |       |     4 |       ||     4
       Draw Escape       |       |     4 |     1 ||     5
       Draw Summoning    |       |     3 |     3 ||     6
  Use: Potion            |       |     1 |       ||     1
       Scroll            |       |       |     1 ||     1
 Stab: Sleeping          |    10 |     5 |       ||    15
  Eat: Chunk             |     2 |     5 |       ||     7
Armor: Leather armour    |    17 |    21 |       ||    38
Dodge: Dodged            |    54 |    69 |     3 ||   126
